Map: Persephone LE

Players

Ascension

  • Race: Protoss Protoss
  • Spawn Location: 7:00

Railgan - Winner!

  • Race: Zerg Zerg
  • League: Grandmaster
  • Spawn Location: 11:00

VOD

Have the link to the VOD?

Description

Time

  • Played on: Oct. 23, 2025, 3:39 p.m.
  • Length: 22:00
Show
View Real Time Build Order
Export as new Build Order

Ascension Protoss 

Build Orders: 1 Gate Expand, Oracle Opening, Carriers 

Get SALT Encoding   

  12  0:00  Probe  
  13  0:12  Probe  
  14  0:21  Pylon  
  14  0:24  Probe  
  15  0:38  Probe  
  15  0:39  Gateway  
  16  0:45  Assimilator  
  16  0:46  Probe  
  16  0:54  Probe  
  18  1:05  Probe  
  19  1:17  Probe  
  20  1:26  Nexus  
  20  1:37  Cybernetics Core  
  20  1:40  Probe  
  20  1:44  Assimilator  
  21  1:52  Probe  
  22  1:55  Pylon  
  22  2:03  Probe, Adept  
  23  2:11  Probe  
  26  2:18  Stargate  
  26  2:19  Probe  
  26  2:26  Warp Gate  
  27  2:31  Probe  
  27  2:35  Probe  
  27  2:37  Adept  
  30  2:43  Probe x2  
  33  2:55  Probe x2  
  35  3:01  Oracle  
  38  3:07  Probe x2  
  37  3:15  Adept  
  37  3:19  Probe  
  41  3:20  Probe  
  41  3:30  Pylon  
  41  3:31  Probe  
  41  3:32  Probe  
  43  3:43  Probe  
  43  3:44  Probe  
  49  3:50  Void Ray  
  49  3:53  Nexus  
  49  3:59  Pylon  
  49  4:01  Probe  
  49  4:02  Probe  
  51  4:06  Assimilator  
  51  4:08  Assimilator  
  51  4:13  Probe  
  51  4:16  Probe  
  53  4:17  Shield Battery  
  53  4:24  Protoss Air Weapons Level 1  
  53  4:25  Probe  
  53  4:28  Probe  
  53  4:29  Void Ray  
  59  4:38  Probe  
  60  4:40  Probe  
  60  4:43  Stargate  
  61  4:46  Pylon  
  61  4:50  Probe  
  62  4:57  Pylon  
  62  4:58  Assimilator  
  62  5:01  Probe x2  
  62  5:02  Probe  
  62  5:03  Assimilator, Gateway  
  65  5:09  Probe x2  
  65  5:11  Probe  
  71  5:15  Void Ray  
  71  5:18  Probe, Pylon  
  71  5:19  Probe  
  72  5:24  Probe  
  79  5:31  Probe x2  
  79  5:34  Void Ray  
  81  5:39  Fleet Beacon  
  81  5:43  Stargate  
  81  5:46  Probe x2  
  81  5:47  Probe  
  84  5:53  Pylon  
  84  5:58  Probe x2  
  84  5:59  Probe  
  87  6:08  Pylon  
  87  6:10  Probe  
  88  6:13  Tempest x2  
  88  6:14  Pylon  
  88  6:18  Tempest  
  88  6:20  Forge  
  96  6:30  Probe  
  101  6:35  Gateway  
  101  6:37  Gateway  
  101  6:41  Gateway  
  101  6:46  Tempest  
  101  6:47  Probe  
  101  6:49  Gateway, Protoss Ground Weapons Level 1  
  101  6:50  Probe  
  101  6:51  Tempest  
  107  7:01  Tempest  
  115  7:10  Photon Cannon  
  115  7:11  Photon Cannon  
  115  7:13  Pylon, Shield Battery  
  115  7:16  Photon Cannon  
  115  7:18  Pylon  
  115  7:24  Probe, Protoss Air Weapons Level 2  
  115  7:29  Nexus  
  116  7:32  Pylon  
  116  7:41  Robotics Facility  
  120  7:53  Adept x4  
  126  8:01  Photon Cannon  
  126  8:02  Photon Cannon  
  126  8:04  Shield Battery  
  126  8:05  Probe x2, Shield Battery  
  128  8:12  Void Ray x3  
  130  8:28  Assimilator  
  130  8:31  Pylon  
  130  8:32  Probe x2  
  132  8:36  Observer, Twilight Council  
  132  8:41  Carrier  
  130  8:44  Carrier  
  130  8:47  Adept  
  130  8:48  Adept x2  
  152  8:56  Void Ray  
  136  9:13  Adept x3  
  136  9:15  Adept x2  
  80  9:24  Charge  
  126  9:29  Probe  
  125  9:33  Carrier  
  125  9:35  Pylon  
  125  9:37  Templar Archives  
  131  9:49  Nexus  
  131  9:51  Photon Cannon  
  131  9:52  Protoss Ground Weapons Level 2  
  131  9:58  Gateway  
  131  10:00  Gateway, Psionic Storm  
  131  10:01  Gateway  
  131  10:02  Gateway  
  131  10:05  Zealot x2, Gateway  
  125  10:08  Probe  
  126  10:16  Immortal  
  126  10:21  High Templar x3  
  136  10:30  Archon  
  136  10:43  Carrier  
  142  10:52  Pylon  
  142  10:53  Pylon  
  142  10:55  Pylon, High Templar  
  144  10:58  Zealot x3  
  144  10:59  Zealot x3  
  156  11:08  Nexus  
  156  11:15  Warp Prism  
  156  11:25  Carrier x2  
  170  11:33  Pylon  
  170  11:34  Pylon  
  170  11:37  Pylon  
  170  11:42  Assimilator  
  170  11:44  Zealot x2  
  168  11:58  High Templar x3, Protoss Ground Weapons Level 3  
  174  12:06  Zealot x2  
  174  12:07  Zealot x3  
  184  12:16  Oracle  
  187  12:26  Zealot  
  181  12:49  Zealot x9  
  181  12:50  Zealot  
  173  12:59  Archon  
  163  13:12  High Templar x7  
  157  13:13  High Templar  
  157  13:16  Archon x2  
  157  13:17  Archon x2  
  161  13:30  Gateway  
  161  13:32  Gateway  
  161  13:33  Gateway  
  157  13:34  Gateway  
  157  13:41  Zealot x2  
  157  13:47  Photon Cannon  
  149  13:49  Photon Cannon  
  149  13:51  Shield Battery  
  149  13:52  Zealot x2  
  149  13:53  Zealot x6  
  130  14:10  High Templar x2  
  130  14:11  Protoss Air Weapons Level 3  
  130  14:16  High Templar x3  
  140  14:19  Mothership  
  148  14:35  Nexus  
  148  14:37  Pylon  
  148  14:40  Pylon  
  148  14:42  Pylon  
  148  14:44  Pylon  
  148  14:49  High Templar x4  
  156  14:55  Archon x2  
  156  14:58  Photon Cannon  
  156  14:59  Gateway  
  150  15:00  Gateway  
  150  15:03  Photon Cannon  
  150  15:05  Immortal, Shield Battery  
  150  15:06  Photon Cannon  
  150  15:09  Shield Battery  
  150  15:13  Shield Battery  
  146  15:24  Robotics Facility  
  137  15:32  Carrier  
  129  15:38  Protoss Ground Armor Level 1  
  129  15:42  Oracle  
  132  15:44  Zealot x3  
  138  15:51  Assimilator  
  138  15:54  Assimilator  
  138  16:01  High Templar x4  
  146  16:05  Archon  
  146  16:07  Zealot x2  
  146  16:08  Zealot x2  
  146  16:11  Immortal  
  152  16:12  Archon  
  152  16:17  Pylon  
  148  16:20  Immortal  
  148  16:40  Sentry, High Templar x2  
  148  16:42  Zealot x5  
  148  16:45  Archon  
  162  16:58  Immortal x2  
  170  17:11  Photon Cannon, Shield Battery  
  170  17:12  Dark Shrine  
  170  17:24  High Templar x2  
  170  17:25  High Templar x2  
  170  17:28  Archon x2  
  174  17:31  Immortal  
  172  18:02  Immortal  
  176  18:06  High Templar x3  
  176  18:07  High Templar  
  176  18:10  Immortal  
  188  18:18  Shadow Stride  
  188  18:25  Archon x2  
  175  18:52  Immortal x2  
  183  19:01  High Templar x4  
  175  19:12  Archon x2  
  175  19:15  Archon x2  
  133  19:17  Pylon  
  133  19:19  Zealot  
  133  19:20  Zealot x9  
  127  19:40  High Templar x3  
  133  19:48  Nexus  
  133  19:52  Nexus  
  133  19:53  High Templar  
  133  19:57  Pylon  
  135  20:04  Immortal  
  139  20:13  Immortal  
  132  20:29  High Templar x2  
  132  20:34  Assimilator  
  134  20:36  Dark Templar  
  134  20:37  Zealot  
  134  20:38  Zealot, Pylon  
  134  20:39  Assimilator  
  134  20:40  Archon  
  117  20:50  Dark Templar  
  108  21:01  Probe  
  99  21:18  High Templar x2  
  99  21:22  Archon  
  99  21:24  Probe x3  
  89  21:49  Zealot x3  
Show
View Real Time Build Order
Export as new Build Order

Railgan Zerg - Winner!

Build Orders: Hatch First, Roach Hydra 

Get SALT Encoding   

  12  0:00  Drone  
  13  0:12  Overlord  
  13  0:17  Drone  
  14  0:30  Drone x2  
  16  0:46  Hatchery  
  16  0:49  Drone  
  16  0:52  Drone  
  16  0:56  Drone  
  18  1:06  Extractor  
  17  1:13  Spawning Pool  
  17  1:17  Drone  
  17  1:18  Drone  
  18  1:27  Drone  
  19  1:39  Drone  
  20  1:50  Drone  
  21  2:00  Queen x2, Zergling x2  
  26  2:02  Overlord  
  26  2:09  Drone  
  26  2:10  Drone  
  26  2:15  Metabolic Boost  
  28  2:23  Drone  
  29  2:31  Hatchery  
  29  2:32  Zergling x2  
  29  2:34  Zergling x2  
  30  2:38  Drone  
  30  2:42  Overlord  
  31  2:45  Drone  
  32  2:55  Drone x2  
  34  3:06  Drone  
  34  3:09  Drone  
  34  3:13  Drone x2  
  34  3:14  Overlord  
  34  3:15  Drone x3  
  39  3:21  Drone  
  39  3:23  Drone  
  41  3:30  Spore Crawler x2, Queen  
  41  3:32  Queen  
  43  3:40  Drone  
  44  3:42  Overlord  
  44  3:47  Drone  
  44  3:48  Queen  
  47  3:53  Drone  
  47  3:54  Spore Crawler, Drone x2  
  49  4:02  Roach Warren, Drone  
  49  4:03  Drone  
  49  4:07  Drone  
  49  4:08  Drone x2  
  49  4:09  Drone  
  54  4:15  Drone x4  
  57  4:23  Overlord  
  57  4:26  Lair  
  57  4:28  Extractor, Drone  
  57  4:29  Extractor, Drone x2  
  58  4:38  Overlord  
  58  4:39  Drone x2  
  58  4:42  Overlord x2  
  60  4:48  Roach  
  60  4:49  Roach  
  60  4:52  Evolution Chamber  
  63  4:53  Roach  
  63  4:57  Drone  
  63  4:58  Extractor, Drone x5  
  70  5:01  Roach  
  70  5:05  Roach x2  
  76  5:10  Overlord  
  76  5:11  Overlord  
  76  5:15  Extractor  
  76  5:20  Drone  
  76  5:21  Extractor  
  76  5:24  Zerg Missile Weapons Level 1, Drone  
  76  5:25  Glial Reconstitution  
  76  5:28  Drone x5  
  76  5:33  Overlord  
  76  5:34  Drone  
  81  5:36  Drone  
  81  5:37  Hydralisk Den  
  81  5:38  Drone  
  81  5:39  Drone  
  85  5:43  Roach x2  
  87  5:50  Drone x3  
  87  5:51  Drone x3  
  87  5:56  Overlord  
  93  6:00  Roach  
  93  6:03  Roach x4  
  53  6:11  Grooved Spines  
  102  6:15  Hatchery  
  102  6:18  Hydralisk x2  
  103  6:20  Hydralisk  
  103  6:24  Overlord  
  107  6:28  Overlord  
  107  6:29  Overlord  
  107  6:31  Hydralisk  
  107  6:32  Hydralisk  
  109  6:33  Hydralisk  
  109  6:38  Overlord  
  113  6:46  Hydralisk  
  113  6:47  Hydralisk x3  
  113  6:49  Roach x2  
  113  6:52  Ravager  
  113  6:53  Ravager x4  
  130  6:55  Drone x2  
  130  6:59  Roach  
  134  7:04  Roach  
  134  7:05  Roach x4  
  134  7:08  Overlord  
  144  7:12  Overlord x3  
  144  7:13  Muscular Augments  
  144  7:19  Roach  
  144  7:24  Hydralisk x2  
  144  7:25  Infestation Pit  
  144  7:26  Hydralisk  
  144  7:28  Hydralisk  
  149  7:32  Hydralisk  
  149  7:34  Zergling x10  
  156  7:37  Hydralisk  
  150  7:44  Hydralisk  
  150  7:45  Hydralisk x2  
  150  7:46  Hydralisk  
  150  7:47  Zergling x2  
  150  7:50  Drone x2  
  161  7:51  Extractor  
  161  7:57  Hydralisk  
  161  7:58  Hydralisk x2  
  154  8:01  Hydralisk x2  
  160  8:08  Drone  
  160  8:09  Drone x2  
  160  8:16  Hatchery, Infestor  
  161  8:23  Hydralisk x3  
  161  8:30  Drone x3  
  161  8:31  Drone x7  
  171  8:34  Extractor, Overlord  
  171  8:39  Zerg Missile Weapons Level 2  
  170  8:42  Zergling x4  
  170  8:43  Evolution Chamber, Zergling x2  
  169  8:49  Zergling x2  
  169  8:50  Zergling x8  
  169  8:51  Hydralisk  
  173  9:01  Zergling x14  
  163  9:12  Hydralisk  
  163  9:13  Hydralisk x7  
  171  9:19  Hydralisk  
  171  9:20  Hydralisk  
  151  9:30  Hydralisk  
  139  9:31  Hydralisk  
  139  9:33  Hydralisk x5  
  149  9:39  Hydralisk x2  
  149  9:43  Hydralisk x2  
  156  9:45  Hive  
  156  9:52  Hydralisk x3  
  158  9:56  Zerg Ground Armor Level 1  
  162  10:06  Hydralisk  
  141  10:07  Hydralisk x4  
  143  10:15  Microbial Shroud  
  143  10:18  Infestor  
  145  10:22  Zergling x4  
  145  10:23  Zergling x6  
  145  10:24  Drone  
  145  10:25  Drone  
  152  10:29  Zergling x2  
  152  10:33  Extractor  
  152  10:34  Infestor x2, Extractor  
  155  10:36  Drone x2  
  152  10:47  Hatchery, Hydralisk x6  
  159  10:50  Infestor  
  159  10:53  Zergling x2  
  159  10:54  Hydralisk, Zergling x2  
  165  11:01  Zergling x4  
  165  11:02  Pneumatized Carapace  
  165  11:03  Overseer x2  
  167  11:07  Zergling x2  
  164  11:15  Hydralisk  
  164  11:16  Hydralisk x3  
  164  11:17  Overlord  
  164  11:18  Overlord  
  170  11:25  Zerg Missile Weapons Level 3  
  170  11:40  Ultralisk Cavern  
  170  11:41  Hydralisk x5  
  169  11:55  Hydralisk x8  
  169  11:57  Overlord  
  183  12:10  Unknown  
  181  12:18  Viper  
  181  12:19  Viper x2  
  190  12:25  Drone  
  190  12:26  Drone x2  
  190  12:27  Zergling x2  
  190  12:28  Zergling x4  
  190  12:29  Chitinous Plating  
  196  12:38  Baneling Nest  
  167  12:53  Infestor x2  
  149  13:03  Hydralisk x5  
  150  13:06  Hydralisk  
  150  13:11  Hydralisk  
  150  13:12  Hydralisk x13  
  150  13:15  Queen x3  
  150  13:17  Drone x2  
  150  13:18  Extractor, Hydralisk  
  150  13:19  Extractor, Hydralisk  
  176  13:25  Hydralisk x4  
  180  13:28  Hydralisk  
  180  13:29  Hydralisk  
  180  13:34  Hydralisk  
  180  13:40  Hydralisk  
  174  13:44  Hydralisk  
  174  13:48  Hydralisk  
  167  13:53  Hydralisk  
  167  13:54  Hydralisk x7  
  142  14:03  Hydralisk  
  142  14:04  Hydralisk x3  
  142  14:05  Queen  
  142  14:08  Drone x2  
  143  14:16  Ultralisk  
  149  14:19  Drone x3  
  152  14:29  Infestor  
  154  14:32  Ultralisk  
  154  14:33  Hatchery  
  154  14:35  Anabolic Synthesis  
  159  14:39  Centrifugal Hooks  
  159  14:42  Zergling x2  
  155  14:53  Ultralisk  
  155  14:58  Drone x2  
  161  15:03  Zerg Ground Armor Level 2  
  161  15:09  Ultralisk  
  161  15:12  Drone x2  
  169  15:15  Drone x2  
  167  15:32  Ultralisk x2  
  171  15:37  Ultralisk  
  171  15:40  Drone x2  
  179  15:46  Hydralisk x4  
  187  15:51  Ultralisk  
  191  15:58  Hydralisk  
  191  15:59  Hydralisk x3  
  191  16:07  Zergling x2  
  191  16:08  Zergling x2  
  192  16:16  Hydralisk x2  
  192  16:17  Hydralisk  
  196  16:21  Drone  
  196  16:23  Drone x3  
  198  16:27  Zergling x4  
  200  16:35  Zerg Melee Weapons Level 1  
  200  16:38  Baneling  
  200  16:39  Baneling x3  
  200  16:43  Spine Crawler  
  191  16:55  Zergling x10  
  196  17:04  Spine Crawler x2  
  194  17:21  Hatchery  
  193  17:23  Baneling  
  190  17:36  Hydralisk  
  181  17:38  Zergling x2  
  181  17:39  Overseer  
  181  17:40  Overseer x2  
  184  17:45  Zergling x4  
  184  17:46  Zergling x2  
  184  17:47  Drone  
  184  17:48  Drone x2  
  190  17:52  Ultralisk  
  190  17:53  Viper  
  198  18:23  Spire  
  197  18:27  Extractor x2, Spine Crawler  
  197  18:30  Spore Crawler x2  
  190  18:54  Neural Parasite  
  170  19:12  Zergling x2  
  170  19:13  Hydralisk x12  
  170  19:14  Hydralisk x9  
  170  19:16  Spore Crawler  
  161  19:19  Infestor, Spine Crawler  
  161  19:23  Infestor  
  144  19:27  Ultralisk x3  
  144  19:28  Zergling x2  
  163  19:33  Hydralisk  
  165  19:38  Hydralisk x2  
  165  19:40  Hydralisk x4  
  177  19:46  Extractor x2  
  177  19:49  Drone x2  
  177  19:50  Ultralisk  
  177  19:52  Zergling x6  
  186  19:56  Overlord x3  
  186  19:57  Overseer x2  
  186  19:59  Hatchery  
  185  20:04  Zergling x2  
  183  20:27  Zergling x2  
  169  20:29  Zergling x2  
  169  20:34  Ultralisk  
  176  20:36  Zergling x2  
  176  20:37  Zergling x16  
  176  20:40  Zergling x2  
  176  20:41  Zergling x12  
  177  20:50  Infestor x5  
  173  21:07  Hydralisk  
  173  21:08  Hydralisk x2  
  167  21:19  Hatchery  
  166  21:27  Spine Crawler  
  166  21:28  Zergling x6  
  168  21:34  Baneling x11  
  168  21:35  Baneling x3, Hydralisk  
  168  21:39  Zergling x2  
  169  21:43  Spore Crawler, Spine Crawler  
Tags
 
Add a new tag
Caveats
  • Supply blocks, unpowered buildings, or Contaminate may cause inaccurate times.
  • Supply counts are checked every 10 seconds.